General information
- name: BNet
- type: Ladder team game (AT/RT)
- host: Battle.net
- saver: jaydesjohnny
map: TwistedMeadows
- players: 4
- length: 21:25
- speed: Fast
- version: 1.26 W3XP
- replay type: Public
» download(144 KB)
Players
team 1 (winner)
Boom_Orc_Axe (
yellow | 60 APM | 1276 actions | 21:24)
4 Blademaster
2 Wind Walk
2 Critical Strike
4 Shadow Hunter
2 Hex
2 Healing Wave
» actions
| Basic commands | 1 | |
| Build / train | 93 | |
| Enter build submenu | 25 | |
| Enter hero's abilities submenu | 8 | |
| Give item / drop item | 4 | |
| Right click | 650 | |
| Select / deselect | 350 | |
| Use ability | 145 | |
1276 total
» units
| Peon | 18 | |
| Grunt | 11 | |
| Troll Witch Doctor | 10 | |
| Forest Troll Shadow Priest | 2 | |
| Forest Troll Berserker | 4 | |
| Raider | 2 | |
| Tauren | 2 | |
49 total
» upgrades
| Berserker Strength | 1 | |
| Armor | 2 | |
| Witch Doctor Training | 2 | |
| Reinforced Defenses | 1 | |
| Pillage | 1 | |
| Ensnare | 1 | |
| Pulverize | 1 | |
| Melee Weapons | 1 | |
10 total
» buildings
| Altar of Storms | 1 | |
| Orc Burrow | 7 | |
| Voodoo Lounge | 1 | |
| Barracks | 1 | |
| Stronghold | 1 | |
| War Mill | 1 | |
| Spirit Lodge | 1 | |
| Fortress | 1 | |
| Beastiary | 1 | |
| Tauren Totem | 1 | |
| Great Hall | 1 | |
| Watch Tower | 1 | |
18 total
» build order
00:03 Altar of Storms
00:11 Orc Burrow
00:56 Voodoo Lounge
01:21 Barracks
01:47 Orc Burrow
02:55 Stronghold
03:23 Orc Burrow
04:48 War Mill
06:53 Spirit Lodge
07:51 Orc Burrow
08:35 Orc Burrow
09:12 Fortress
11:10 Beastiary
11:14 Orc Burrow
11:47 Tauren Totem
13:35 Orc Burrow
16:44 Great Hall
19:15 Watch Tower
» items
| Healing Salve | 2 | |
| Lesser Clarity Potion | 4 | |
| Boots of Speed | 2 | |
| Scroll of Speed | 3 | |
| Potion of Healing | 1 | |
| Scroll of Town Portal | 2 | |
| Potion of Lesser Invulnerability | 1 | |
| Orb of Lightning | 1 | |
16 total

»
jaydesjohnny (
red | 203 APM | 4345 actions | 21:25)
5 Death Knight
3 Death Coil
1 Unholy Aura
1 Death Pact
3 Lich
2 Frost Nova
1 Dark Ritual
2 Dark Ranger
1 Silence
1 Black Arrow
» actions
| Assign group hotkey | 50 | |
| Basic commands | 159 | |
| Build / train | 113 | |
| Enter build submenu | 14 | |
| Enter hero's abilities submenu | 12 | |
| Give item / drop item | 2 | |
| Remove unit from queue | 9 | |
| Right click | 1362 | |
| Select / deselect | 453 | |
| Select group hotkey | 2007 | |
| Use ability | 164 | |
4345 total
» units
| Acolyte | 12 | |
| Ghoul | 3 | |
| Crypt Fiend | 13 | |
| Obsidian Statue | 7 | |
35 total
» upgrades
| Creature Attack | 2 | |
| Burrow | 1 | |
| Destroyer Form | 2 | |
| Web | 1 | |
6 total
» buildings
| Crypt | 1 | |
| Graveyard | 1 | |
| Altar of Darkness | 1 | |
| Ziggurat | 7 | |
| Tomb of Relics | 1 | |
| Halls of the Dead | 2 | |
| Black Citadel | 4 | |
| Slaughterhouse | 1 | |
| Necropolis | 1 | |
| Spirit Tower | 5 | |
24 total
» build order
00:05 Crypt
00:07 Graveyard
00:23 Altar of Darkness
00:39 Ziggurat
01:22 Tomb of Relics
01:57 Ziggurat
03:59 Halls of the Dead
04:37 Ziggurat
06:38 Black Citadel
06:38 Black Citadel
06:39 Black Citadel
07:22 Slaughterhouse
09:19 Ziggurat
14:13 Necropolis
15:01 Ziggurat
18:18 Ziggurat
18:35 Spirit Tower
18:37 Spirit Tower
18:41 Ziggurat
» items
| Rod of Necromancy | 6 | |
| Dust of Appearance | 1 | |
| Scroll of Town Portal | 4 | |
| Orb of Corruption | 3 | |
| Potion of Healing | 1 | |
| Potion of Lesser Invulnerability | 1 | |
| Scroll of Healing | 1 | |
17 total
team 2 (loser)
Finesse (
purple | 148 APM | 3169 actions | 21:21)
3 Death Knight
2 Death Coil
1 Unholy Aura
3 Dark Ranger
2 Silence
1 Black Arrow
2 Lich
1 Frost Nova
1 Frost Armor
» actions
| Assign group hotkey | 74 | |
| Basic commands | 2 | |
| Build / train | 84 | |
| Enter build submenu | 12 | |
| Enter hero's abilities submenu | 8 | |
| Remove unit from queue | 5 | |
| Right click | 1215 | |
| Select / deselect | 571 | |
| Select group hotkey | 1087 | |
| Use ability | 111 | |
3169 total
» units
| Acolyte | 3 | |
| Ghoul | 6 | |
| Crypt Fiend | 13 | |
| Obsidian Statue | 5 | |
27 total
» upgrades
| Creature Attack | 2 | |
| Creature Carapace | 3 | |
| Burrow | 1 | |
| Destroyer Form | 1 | |
| Web | 1 | |
8 total
» buildings
| Graveyard | 1 | |
| Crypt | 1 | |
| Altar of Darkness | 1 | |
| Ziggurat | 6 | |
| Tomb of Relics | 1 | |
| Nerubian Tower | 4 | |
| Halls of the Dead | 1 | |
| Black Citadel | 1 | |
| Slaughterhouse | 1 | |
| Spirit Tower | 2 | |
19 total
» build order
00:09 Graveyard
00:10 Crypt
00:32 Altar of Darkness
00:48 Ziggurat
01:10 Tomb of Relics
01:51 Ziggurat
02:01 Nerubian Tower
02:01 Nerubian Tower
02:01 Nerubian Tower
03:37 Halls of the Dead
04:42 Ziggurat
09:11 Black Citadel
09:26 Slaughterhouse
09:55 Ziggurat
12:20 Spirit Tower
12:20 Spirit Tower
17:16 Ziggurat
17:18 Ziggurat
» items
| Rod of Necromancy | 3 | |
| Dust of Appearance | 2 | |
| Scroll of Town Portal | 2 | |
| Potion of Healing | 3 | |
| Orb of Corruption | 1 | |
| Potion of Lesser Invulnerability | 1 | |
12 total
prumb (
orange | 128 APM | 2744 actions | 21:24)
4 Demon Hunter
2 Mana Burn
2 Evasion
3 Naga Sea Witch
2 Frost Arrows
1 Forked Lightning
» actions
| Assign group hotkey | 42 | |
| Basic commands | 84 | |
| Build / train | 71 | |
| ESC pressed | 1 | |
| Enter build submenu | 17 | |
| Enter hero's abilities submenu | 7 | |
| Give item / drop item | 1 | |
| Remove unit from queue | 1 | |
| Right click | 1143 | |
| Select / deselect | 476 | |
| Select group hotkey | 806 | |
| Use ability | 95 | |
2744 total
» units
| Wisp | 15 | |
| Huntress | 5 | |
| Forest Troll Shadow Priest | 3 | |
| Forest Troll Berserker | 1 | |
| Dryad | 6 | |
| Druid of the Claw | 11 | |
| Archer | 4 | |
45 total
» upgrades
| Druid of the Claw Training | 2 | |
| Strength of the Wild | 2 | |
| Abolish Magic | 1 | |
| Reinforced Hides | 1 | |
6 total
» buildings
| Altar of Elders | 1 | |
| Moon Well | 6 | |
| Hunter's Hall | 1 | |
| Ancient of War | 1 | |
| Ancient of Wonders | 1 | |
| Tree of Ages | 1 | |
| Ancient of Lore | 4 | |
| Tree of Eternity | 1 | |
| Ancient Protector | 1 | |
| Tree of Life | 1 | |
18 total
» build order
00:07 Altar of Elders
00:19 Moon Well
01:45 Hunter's Hall
01:48 Ancient of War
02:00 Moon Well
02:13 Ancient of Wonders
03:19 Tree of Ages
03:57 Moon Well
05:40 Moon Well
05:46 Ancient of Lore
06:03 Ancient of Lore
07:43 Tree of Eternity
11:17 Moon Well
13:05 Moon Well
14:04 Ancient Protector
16:37 Ancient of Lore
16:37 Ancient of Lore
19:12 Tree of Life
» items
| Potion of Healing | 4 | |
| Scroll of Town Portal | 2 | |
6 total
Chat log
(01:17 / Allies) jaydesjohnny: thx
(05:37 / Allies) jaydesjohnny: soi weir
(05:38 / Allies) jaydesjohnny: weird
(07:37 / Allies) Boom_Orc_Axe: both
(08:03 / All) jaydesjohnny: sn
(08:05 / Allies) jaydesjohnny: sh
(08:10 / Allies) jaydesjohnny: por b,
(10:46 / Allies) jaydesjohnny: k tp
(10:47 / Allies) jaydesjohnny: i tp
(10:57 / Allies) jaydesjohnny: nmioce
(14:34 / Allies) Boom_Orc_Axe: tp and go
(14:36 / Allies) Boom_Orc_Axe: end
(16:28 / Allies) jaydesjohnny: tp
(18:08 / Allies) Boom_Orc_Axe: b
(18:11 / Allies) Boom_Orc_Axe: get more units
(18:52 / Allies) jaydesjohnny: base is impregnable lol
(19:39 / Allies) jaydesjohnny: go
(20:06 / Allies) Boom_Orc_Axe: go in base
(20:17 / Allies) Boom_Orc_Axe: go